 Dungeon Crawl Stone Soup version 0.31-a0-233-g139696dc86 (webtiles) character file.

Game seed: 14110998065033408099

109 qw the Shooter (level 4, -1/26 HPs)
             Began as a Gargoyle Hexslinger on July 8, 2023.
             Slain by a gnoll
             ... wielding a +0 halberd
              (11 damage)
             ... on level 3 of the Dungeon.
             The game lasted 00:00:51 (2054 turns).

qw the Shooter (Gargoyle Hexslinger)                Turns: 2054, Time: 00:00:52

Health: -1/26      AC:  8    Str: 12    XL:     4   Next: 89%
Magic:  5/5        EV: 11    Int: 13    God:
Gold:   113        SH:  0    Dex: 14    Spells: 4/5 levels left

rFire   . . .        Y - +1 sling
rCold   . . .        (no shield)
rNeg    + . .        g - +0 leather armour
rPois   inf          a - +0 helmet
rElec   +            h - +0 cloak
rCorr   .            (no gloves)
SInv    .            (no boots)
Will    .....        b - amulet of faith
Stlth   +            (no ring)
HPRegen 0.24/turn    (no ring)
MPRegen 0.09/turn

%: faith
@: no status effects
A: sickness immunity, AC +3, negative energy resistance 1, electricity
resistance, torment resistance 1, petrification resistance
a: no special abilities


You were on level 3 of the Dungeon.
You visited 1 branch of the dungeon, and saw 3 of its levels.

You collected 113 gold pieces.


Innate Abilities, Weirdness & Mutations

You are immune to sickness and miasma.
Your stone body is resilient. (AC +3)
You are immune to poison.
You resist negative energy. (rN+)
You are resistant to electric shocks. (rElec)
You are resistant to unholy torment.
You are immune to petrification.


   Skills:
 - Level 2.3 Fighting
 + Level 4.4 Ranged Weapons
 - Level 1.5 Dodging
 - Level 1.0 Spellcasting
 - Level 2.6 Hexes


You had 4 spell levels left.
You knew the following spells:

 Your Spells              Type           Power      Damage    Failure   Level
a - Slow                  Hex            28%        N/A       12%         1

Your spell library contained the following spells:

 Spells                   Type           Power      Damage    Failure   Level
 Inner Flame              Hex/Fire       4%         N/A       52%         3
 Portal Projectile        Hex/Tloc       8%         N/A       52%         3
 Cause Fear               Hex            3%         N/A       75%         4

Inventory:

Hand Weapons
 Y - a +1 sling (weapon)
Armour
 a - a +0 helmet (worn)
 f - a +0 ring mail
 g - a +0 leather armour (worn)
 h - a +0 cloak (worn)
Jewellery
 b - an amulet of faith (around neck)
Scrolls
 c - a scroll of teleportation
 i - a scroll of identify
 j - a scroll of silence {unknown}
Potions
 d - a potion of might {unknown}
 e - a potion of mutation {unknown}

Dungeon Overview and Level Annotations

Branches:
Dungeon (3/15)

Altars:
Cheibriados


Message History

A gnoll comes into view. It is wielding a +0 halberd. x2
You shoot a sling bullet.
The sling bullet closely misses the gnoll.
The gnoll shouts! x2
You hear a shout!
You hear an angry hiss.
An adder comes into view.
A gnoll comes into view. It is wielding a +0 club.
You shoot a sling bullet.
The sling bullet closely misses the adder.
You shoot a sling bullet.
The sling bullet closely misses the adder.
The adder barely misses you.
You shoot a sling bullet. The sling bullet hits the adder.
The adder is heavily wounded.
The adder bites you but does no damage. The adder closely misses you.
You shoot a sling bullet.
The sling bullet barely misses the gnoll.
The adder closely misses you. The gnoll closely misses you.
The gnoll barely misses you.
You shoot a sling bullet.
The sling bullet completely misses the gnoll.
The adder barely misses you. The gnoll hits you but does no damage.
The gnoll hits you from afar with a +0 halberd.
The gnoll closely misses you. The adder bites you but does no damage.
You shoot a sling bullet.
The sling bullet barely misses the gnoll.
The adder bites you but does no damage. The gnoll closely misses you.
The gnoll hits you from afar with a +0 halberd.
The gnoll hits you with a +0 whip.
You shoot a sling bullet. The sling bullet hits the gnoll.
The gnoll is almost dead.
The adder bites you but does no damage. The gnoll closely misses you.
The gnoll hits you from afar with a +0 halberd.
The gnoll hits you with a +0 whip. The gnoll barely misses you.
The adder closely misses you.
You shoot a sling bullet.
The sling bullet closely misses the gnoll.
The gnoll barely misses you.
The gnoll hits you from afar with a +0 halberd!
You die...

#. .................
#.####'###).######.##
..........#.######.##
..........._.........
#........#.####.....
#..<.......# #.....
.####..##.###..####.....
.......##......#.##.....
#.gg@S.##..##.##.....
###.g#.##..##.##.#+##
..g..#.##............
####..#.##.###.##.#...
#..#.##.###.##.....
####...............
..##.....##.###.
..##.....##.##..
.......)......#


You could see 4 gnolls and an adder.

Vanquished Creatures
  Terence (D:2)
  4 adders
  A worm (D:3)
  2 dart slugs (D:2)
  An orc (D:3)
  2 ball pythons
  3 endoplasms (D:2)
  2 giant cockroaches
  3 goblins
  7 hobgoblins
  4 kobolds (D:1)
  2 quokkas
  3 bats
  3 frilled lizards
  4 rats
42 creatures vanquished.

Notes
Turn   | Place    | Note
-------+----------+-------------------------------------------
     0 | D:1      | qw the Gargoyle Hexslinger began the quest for the Orb.
     0 | D:1      | Reached XP level 1. HP: 12/12 MP: 2/2
     0 | D:1      | 0 ||| qw: Version: 0.3-a-46-gb1f654a
     0 | D:1      | 0 ||| qw: Game counter: 3404
     0 | D:1      | 0 ||| qw: Melee chars always use a shield: true
     0 | D:1      | 0 ||| qw: God list: Okawaru
     0 | D:1      | 0 ||| qw: Allow faded altars: false
     0 | D:1      | 0 ||| qw: Do Orc after clearing Dungeon:15 true
     0 | D:1      | 0 ||| qw: Do second Lair branch before Depths: true
     0 | D:1      | 0 ||| qw: Lair rune preference: random
     0 | D:1      | 0 ||| qw: Goals: Normal
     0 | D:1      | 0 ||| PLANNING D:1-11
   105 | D:1      | Reached XP level 2. HP: 16/16 MP: 3/3
   548 | D:1      | Reached skill level 3 in Ranged Weapons
   888 | D:1      | 888 ||| UPGRADING to +0 leather armour.
   898 | D:1      | 898 ||| DROPPING +0 robe.
   899 | D:1      | 899 ||| UPGRADING to +0 cloak.
   904 | D:1      | 904 ||| READING scroll labelled DEFILO XAERU.
   908 | D:1      | 908 ||| READING scroll labelled FOQUEJ TYUMOL.
   909 | D:1      | 909 ||| READING scroll labelled YGGEXZ IZ UQU.
   910 | D:1      | 910 ||| READING scroll labelled VIMUS XOIMANU.
   911 | D:1      | 911 ||| DROPPING scroll of poison.
  1087 | D:2      | 1087 ||| UPGRADING to +0 helmet.
  1105 | D:2      | Reached XP level 3. HP: 13/21 MP: 4/4
  1145 | D:2      | 1145 ||| READING scroll labelled ROHAIT IVAOLATO.
  1179 | D:2      | 1179 ||| UPGRADING to amulet of faith.
  1267 | D:2      | Noticed Terence
  1280 | D:2      | Killed Terence
  1281 | D:2      | Reached skill level 4 in Ranged Weapons
  1281 | D:2      | Reached XP level 4. HP: 13/26 MP: 5/5
  1461 | D:2      | Found a faded altar of an unknown god.
  1809 | D:2      | 1809 ||| READING scroll labelled JOF JURGHUXOS.
  2022 | D:3      | Found a snail-covered altar of Cheibriados.
  2054 | D:3      | Slain by a gnoll

Levels and vault maps discovered:
D:1:      minmay_arrival_cross, layout_basic, serial_forest,
          infiniplex_forest_lined_2, infiniplex_forest_clump_small,
          infiniplex_forest_straight_2, infiniplex_forest_straight_2,
          infiniplex_forest_diagonal, infiniplex_forest_pool,
          infiniplex_forest_lined_corner, amethyst_killhole, grunt_decor_clamped
D:2:      minmay_inner_zag, layout_basic, shapermc_ecumenical_altar_ellora,
          uniq_terence
D:3:      layout_basic, lemuel_crystal_altar, overflow_temple_1_default,
          kennysheep_vampire_church, columned_hall_lemuel

Skill      XL: |  1  2  3 |
---------------+----------+-----
Ranged Weapons | 3 4 |  4.4
Fighting       | 2 |  2.3
Dodging        | |  1.5
Spellcasting   | |  1.0
Hexes          | |  2.6

Action                     |  1- 3 |  4- 6 || total
---------------------------+-------+-------++-------
   Fire: Sling             |   123 |    83 ||   206
    Use: Scroll            |     5 |     1 ||     6
 Armour: Robe              |    15 |       ||    15
         Leather armour    |    19 |    28 ||    47
  Dodge: Dodged            |    55 |    31 ||    86

Table legend:
 A = Non-vault XP
 B = Vault XP
 C = Vault XP percentage of total XP
 D = Non-vault monster count
 E = Vault monster count
 F = Vault count percentage of total count
                 A         B        C        D         E       F
            +---------+---------+-------+---------+---------+-------
      Total |      97 |      59 |  37.8 |      35 |       7 |  16.7
            +---------+---------+-------+---------+---------+-------
        D:1 |      23 |       0 |   0.0 |      16 |       0 |   0.0
        D:2 |      49 |      59 |  54.6 |      13 |       7 |  35.0
        D:3 |      25 |       0 |   0.0 |       6 |       0 |   0.0
            +---------+---------+-------+---------+---------+-------
